 Dungeon Crawl Stone Soup version 0.24-a0-358-g53aee78b01 (webtiles) character file.

Game seed: 12283145947557197409

361 Lanoc the Chopper (level 6, -2/52 HPs)
             Began as a Draconian Gladiator on May 25, 2019.
             Slain by an ogre
             ... wielding a +0 giant spiked club
              (20 damage)
             ... on level 4 of the Dungeon.
             The game lasted 00:04:11 (2684 turns).

Lanoc the Chopper (Draconian Gladiator)             Turns: 2684, Time: 00:04:12

Health: -2/52      AC:  9    Str: 17    XL:     6   Next: 38%
Magic:  6/6        EV: 14    Int: 12    God:
Gold:   284        SH:  0    Dex: 13    Spells: 5/5 levels left

rFire    . . .     SeeInvis .   a - +0 war axe
rCold    . . .     Gourm    .   (no shield)
rNeg     . . .     Faith    .   (armour unavailable)
rPois    .         Spirit   .   b - +0 hat
rElec    .         Reflect  .   i - +2 cloak
rCorr    .         Harm     .   (no gloves)
MR       .....                  (no boots)
Stlth    +.........             (no amulet)
HPRegen  0.17/turn              p - +3 ring of intelligence
MPRegen  0.10/turn              (no ring)

@: very slightly contaminated, hasted, very quick
A: unfitting armour, cold-blooded, AC +6
a: no special abilities


You were on level 4 of the Dungeon.
You were not hungry.

You visited 1 branch of the dungeon, and saw 5 of its levels.
You also visited: Ossuary.

You collected 284 gold pieces.

Inventory:

Hand Weapons
 a - a +0 war axe (weapon)
Missiles
 c - 2 throwing nets (quivered)
 e - 6 boomerangs of dispersal
Armour
 b - a +0 hat (worn)
 i - a +2 cloak (worn)
Jewellery
 p - a +3 ring of intelligence (left hand)
Wands
 g - a wand of disintegration (13)
Scrolls
 n - 3 scrolls of immolation
 o - a scroll of remove curse
 t - 2 scrolls of teleportation
Potions
 l - 3 potions of mutation
 q - 2 potions of flight
 s - a potion of berserk rage {unknown}
 v - a potion of curing {unknown}
 w - a potion of brilliance {unknown}
Comestibles
 d - 4 rations


   Skills:
 + Level 4.1 Fighting
 * Level 5.5 Axes
 - Level 1.7 Throwing
 + Level 4.0 Dodging


You had 5 spell levels left.
You didn't know any spells.
Your spell library was empty.

Dungeon Overview and Level Annotations

Branches:
Dungeon (5/15)             Temple (0/1) D:5

Altars:
Sif Muna


Innate Abilities, Weirdness & Mutations

Your plain brown scales are hard. (AC +6)
You cannot fit into any form of body armour.
You are cold-blooded and may be slowed by cold attacks.


Message History

The ogre misses you.
You hit the ogre.
You tail-slap the ogre, but do no damage.
The ogre is lightly wounded.
You hit the orc but do no damage. The orc hits you but does no damage.
The ogre closely misses you.
You closely miss the ogre.
The ogre is lightly wounded.
You slash the orc!
You kill the orc!
The ogre hits you with a +0 giant spiked club!
You hit the ogre.
Your tail-slap misses the ogre.
The ogre is lightly wounded.
The ogre barely misses you.
You hit the ogre.
The ogre is lightly wounded.
The ogre hits you with a +0 giant spiked club!
You feel yourself speed up.
The ogre hits you with a +0 giant spiked club!!
You die...

# ######
#.#.....
#......#
#......#
#.[.))#
#..O@#
##.#)# #
#.. ####


You could see an ogre.

Vanquished Creatures
  Sigmund (D:2)
  A jelly (D:3)
  8 mummies (Ossuary)
  2 adders (D:2)
  A dart slug (D:2)
  3 leopard geckos
  4 orcs
  2 ball pythons
  2 gnoll zombies (Ossuary)
  2 goblins
  5 hobgoblins
  3 jackals (D:3)
  A quokka (D:2)
  5 bats
  3 frilled lizards
  3 hobgoblin zombies (Ossuary)
  2 kobolds
  2 kobold zombies (Ossuary)
  An orc zombie (Ossuary)
  5 rats
56 creatures vanquished.

Notes
Turn   | Place    | Note
-------+----------+-------------------------------------------
     0 | D:1      | Lanoc the Draconian Gladiator began the quest for the Orb.
     0 | D:1      | Reached XP level 1. HP: 17/17 MP: 1/1
    48 | D:1      | Reached XP level 2. HP: 25/25 MP: 2/2
   176 | D:2      | Reached XP level 3. HP: 15/30 MP: 3/3
   468 | D:2      | Noticed Sigmund
   499 | D:2      | Killed Sigmund
   499 | D:2      | Reached skill level 4 in Axes
   499 | D:2      | Reached XP level 4. HP: 5/39 MP: 4/4
   499 | D:2      | Reached XP level 5. HP: 6/45 MP: 5/5
  1452 | D:3      | Reached skill level 5 in Axes
  1634 | D:3      | You fall into a shaft and drop 2 floors!
  1634 | D:5      | Entered Level 5 of the Dungeon
  1680 | D:5      | Found a sand-covered staircase.
  1692 | Ossuary  | Entered an ossuary
  1711 | Ossuary  | Reached XP level 6. HP: 10/52 MP: 6/6
  2546 | D:5      | Found a deep blue altar of Sif Muna.
  2684 | D:4      | Slain by an ogre

Levels and vault maps discovered:
D:1:      minmay_arrival_diagonal_passages, layout_rooms, minmay_box_of_dots
D:2:      layout_basic, grunt_decor_clamped, uniq_sigmund
D:3:      layout_basic, solitary_fountain
D:4:      layout_loops_ring, marbit_many_paths
D:5:      layout_loops_cross, fiery_altar_vehumet, elyvilon_altar_5,
          overflow_temple_1_default, nicolae_overflow_crystal_walls,
          temple_green, lightli_ossuary_entry_decrepit_ruins, first_ration

Skill      XL: |  1  2  3  4  5  6 |
---------------+-------------------+-----
Dodging        | 3 4 |  4.0
Fighting       | 3 4 |  4.1
Axes           | 4 5 |  5.5
Throwing       | |  1.7

Action                   |  1- 3 |  4- 6 || total
-------------------------+-------+-------++-------
Melee: War axe           |    60 |    86 ||   146
       Tailslap          |     3 |     7 ||    10
Throw: Throwing net      |     3 |       ||     3
  Use: Potion            |     2 |     3 ||     5
       Scroll            |       |    13 ||    13
 Stab: Sleeping          |     1 |       ||     1
       Held in net/web   |     1 |       ||     1
  Eat: Chunk             |       |     2 ||     2
       Ration            |       |     1 ||     1
Armor: Skin              |    22 |    31 ||    53
Dodge: Dodged            |    45 |    51 ||    96

Table legend:
 A = Non-vault XP
 B = Vault XP
 C = Vault XP percentage of total XP
 D = Non-vault monster count
 E = Vault monster count
 F = Vault count percentage of total count
                 A         B        C        D         E       F
            +---------+---------+-------+---------+---------+-------
      Total |     136 |     380 |  73.6 |      37 |      19 |  33.9
            +---------+---------+-------+---------+---------+-------
        D:1 |      12 |       3 |  20.0 |       7 |       2 |  22.2
        D:2 |      52 |     223 |  81.1 |      17 |       1 |   5.6
        D:3 |      57 |       0 |   0.0 |       8 |       0 |   0.0
        D:4 |       9 |       0 |   0.0 |       3 |       0 |   0.0
        D:5 |       6 |       0 |   0.0 |       2 |       0 |   0.0
    Ossuary |       0 |     154 | 100.0 |       0 |      16 | 100.0
            +---------+---------+-------+---------+---------+-------
